 Dungeon Crawl Stone Soup version 0.31-a0-175-g9f7f995f2b (webtiles) character file.

Game seed: 18166454033181007783

6072 qw the Cleaver (level 10, -5/64 HPs)
             Began as a Gargoyle Fighter on June 17, 2023.
             Was an Elder of Okawaru.
             Slain by Urug
             ... wielding a +3 great sword
              (42 damage)
             ... on level 1 of the Lair of Beasts.
             The game lasted 00:04:31 (7992 turns).

qw the Cleaver (Gargoyle Fighter)                   Turns: 7992, Time: 00:04:32

Health: -5/64      AC: 36    Str: 27    XL:     10   Next: 87%
Magic:  13/14      EV:  9    Int: 15    God:    Okawaru [****..]
Gold:   497        SH:  6    Dex:  9    Spells: 9/9 levels left

rFire   . . .        w - +4 war axe
rCold   . . .        c - +0 buckler
rNeg    + . .        m - +0 plate armour
rPois   inf          k - +2 helmet
rElec   +            n - +0 cloak
rCorr   .            s - +1 pair of gloves
SInv    .            o - +0 pair of boots
Will    .....        v - amulet of faith Stlth
                     a - +4 ring of protection
HPRegen 0.30/turn    j - ring of Dim Light {Fly rPois Str+3 Int+6}
MPRegen 0.14/turn

%: faith
@: heroic, flying
A: sickness immunity, AC +7, negative energy resistance 1, electricity
resistance, torment resistance 1, petrification resistance
a: Renounce Religion, Heroism, Finesse


You were on level 1 of the Lair of Beasts.
You worshipped Okawaru.
Okawaru was greatly pleased with you.
You visited 3 branches of the dungeon, and saw 12 of its levels.

You collected 770 gold pieces.
You spent 273 gold pieces at shops.


Innate Abilities, Weirdness & Mutations

You are immune to sickness and miasma.
Your stone body is resilient. (AC +7)
You are immune to poison.
You resist negative energy. (rN+)
You are resistant to electric shocks. (rElec)
You are resistant to unholy torment.
You are immune to petrification.


   Skills:
 - Level 8.0(13.0) Fighting
 - Level 10.1(15.1) Axes
 - Level 1.2(6.2) Throwing
 + Level 7.8(12.8) Armour
 - Level 1.4(6.4) Dodging
 - Level 5.0(10.0) Shields
 + Level 6.4 Invocations


You had 9 spell levels left.
You didn't know any spells.
Your spell library was empty.

Inventory:

Hand Weapons
 q - a +0 morningstar
 w - a +4 war axe (weapon)
Missiles
 l - 10 boomerangs (quivered)
Armour
 c - a +0 buckler (worn)
 k - a +2 helmet (worn)
 m - a +0 plate armour (worn)
 n - a +0 cloak (worn)
 o - a +0 pair of boots (worn)
 s - a +1 pair of gloves (worn)
Jewellery
 a - a +4 ring of protection (left hand)
 g - a ring of protection from fire
 i - an amulet of regeneration
 j - the ring of Dim Light (right hand) {Fly rPois Str+3 Int+6}
   (You found it on level 2 of the Dungeon)

   [ring of intelligence]

   Str:       It affects your strength (+3).
   Int:       It affects your intelligence (+6).
   rPois:     It protects you from poison.
   Fly:       It grants you flight.
 v - an amulet of faith (around neck)
 x - a +6 ring of strength
Scrolls
 h - 3 scrolls of identify
Potions
 b - a potion of cancellation
 d - 3 potions of might
 e - 2 potions of haste
 f - 7 potions of curing
 p - a potion of mutation {unknown}
 r - 3 potions of heal wounds
 t - a potion of enlightenment
 u - a potion of lignification {unknown}
 z - a potion of resistance {unknown}

Dungeon Overview and Level Annotations

Branches:
Dungeon (10/15)            Temple (1/1) D:5            Lair (1/5) D:10
    Orc: D:9-12

Altars:
Ashenzari
Cheibriados
Dithmenos
Elyvilon
Fedhas
Gozag
Hepliaklqana
Kikubaaqudgha
Makhleb
Nemelex Xobeh
Okawaru
Qazlal
Ru
Sif Muna
Trog
Uskayaw
Vehumet
Wu Jian
Xom
Yredelemnul
Zin
The Shining One

Shops:
D:4 [   D:5 ?

Annotations:
Lair:1 2 transporters, Urug; qw's ghost, journeyman GrFi


Message History

Enter note:
Found a bloodstained altar of Trog.
Enter note:
Enter note:
Enter note: The spriggan rider shouts!
The moth of wrath's fur bristles in rage as it notices you.
Urug the Orcish Ballista comes into view.
She is wielding a +3 great sword.
Urug shouts!
Urug throws a javelin.
The javelin closely misses you.
Enter note:
Enter note:
Enter note:
7981 ||| Stepping ~*~*~tactically~*~*~ (hiding).
You start waiting.
Urug is nearby!
7985 ||| INVOKING Heroism.
You gain the combat prowess of a mighty hero.
Urug throws a javelin.
The javelin pierces through you but does no damage.
You slash Urug!
Urug is lightly wounded.
Urug hits you with a +3 great sword!
You hit Urug.
Urug is lightly wounded.
You barely miss Urug.
Urug is lightly wounded.
Urug drinks a potion.
Urug goes berserk!
You barely miss Urug.
Urug is lightly wounded.
You block Urug's attack.
The moth of wrath angrily waves its antennae.
You hit Urug.
Urug is moderately wounded.
Urug hits you with a +3 great sword!
You slice Urug!!
Urug is heavily wounded.
You block Urug's attack. Urug hits you with a +3 great sword!!!
Ouch! That really hurt!
You die...

##...............
##..............
#...............
##..............
#..........(... # ##
#.............. ..
P###.#P###..............
#........o.................
#.# #@..###.##...#....
#.########..## ##..#....
#.##.##.#...# #..#....
##.###.......# #..#....
#.......^....# #..##.#.
###....#####....# ##.......
## #....###.iy###...#
#.....### #.. ##..###......
#..# #...+...
#.##...#..###....#....#
#.......


You could see Urug (berserk), a spriggan rider and a moth of wrath.

Vanquished Creatures
  A two-headed ogre (D:8)
  A wyvern (D:8)
  A wraith (D:10)
  6 yaks (D:9)
  A steam dragon (D:9)
  3 wargs (D:10)
  2 water moccasins
  2 orc warriors
  A sky beast (D:6)
  A black bear (D:5)
  4 wolves (Lair:1)
  3 centaurs
  A phantom (D:5)
  3 bullfrogs
  2 kobold brigands
  2 scorpions
  2 water moccasin zombies (D:5)
  14 wights
  A howler monkey (D:6)
  2 bullfrog zombies (D:5)
  A jelly (D:6)
  4 orc priests
  2 sleepcaps (D:6)
  3 gnoll boudas
  5 hounds
  Terence (D:2)
  2 iguanas (D:6)
  15 orc wizards
  A scorpion zombie (D:5)
  A hound zombie (D:5)
  Robin (D:3)
  15 gnolls
  4 adders
  A white imp (D:5)
  3 ufetubi
  3 worms
  2 dart slugs
  41 orcs
  8 ball pythons
  5 bats (D:1)
  9 endoplasms
  6 giant cockroaches
  23 goblins
  13 hobgoblins
  3 jackals (D:1)
  13 kobolds
  2 quokkas (D:2)
  4 frilled lizards
  7 rats
251 creatures vanquished.

Vanquished Creatures (others)
  An orc wizard (D:10)
  2 kobolds (D:9)
3 creatures vanquished.

Grand Total: 254 creatures vanquished

Notes
Turn   | Place    | Note
-------+----------+-------------------------------------------
     0 | D:1      | qw the Gargoyle Fighter began the quest for the Orb.
     0 | D:1      | Reached XP level 1. HP: 14/14 MP: 1/1
     0 | D:1      | 0 ||| qw: Version: 0.3-a-2-g5ab2908
     0 | D:1      | 0 ||| qw: Game counter: 94
     0 | D:1      | 0 ||| qw: Always use a shield: true
     0 | D:1      | 0 ||| qw: God list: Okawaru
     0 | D:1      | 0 ||| qw: Allow faded altars: false
     0 | D:1      | 0 ||| qw: Do Orc after D:15 true
     0 | D:1      | 0 ||| qw: Do second Lair branch before Depths: true
     0 | D:1      | 0 ||| qw: Lair rune preference: random
     0 | D:1      | 0 ||| qw: Plans: Normal, Zot:1-4, Slime:5, God:TSO, Crypt,
                  | Tomb, Abyss, Pan, Hells, Win
     0 | D:1      | 0 ||| PLANNING D:1-11
     5 | D:1      | 5 ||| Stepping ~*~*~tactically~*~*~ (stealth).
    14 | D:1      | Reached skill level 2 in Axes
    44 | D:1      | Reached XP level 2. HP: 19/19 MP: 2/2
    93 | D:1      | 93 ||| Stepping ~*~*~tactically~*~*~ (stealth).
   159 | D:1      | Reached skill level 3 in Axes
   204 | D:1      | Reached XP level 3. HP: 23/23 MP: 3/3
   466 | D:1      | 466 ||| Stepping ~*~*~tactically~*~*~ (stealth).
   476 | D:1      | 476 ||| FLEEEEING.
   477 | D:1      | 477 ||| FLEEEEING.
   483 | D:1      | 483 ||| Stepping ~*~*~tactically~*~*~ (stealth).
   488 | D:1      | 488 ||| Stepping ~*~*~tactically~*~*~ (stealth).
   562 | D:1      | 562 ||| Stepping ~*~*~tactically~*~*~ (stealth).
   584 | D:1      | 584 ||| Stepping ~*~*~tactically~*~*~ (stealth).
   612 | D:1      | 612 ||| DROPPING scarf of harm.
   613 | D:1      | 613 ||| READING 3 scrolls labelled UFREIG SUMM.
   614 | D:1      | 614 ||| READING 2 scrolls labelled XUHEEB CIKHLU.
   615 | D:1      | 615 ||| READING scroll labelled NUSIMAUCYM.
   716 | D:1      | 716 ||| DROPPING 2 scrolls of noise.
   754 | D:2      | Found an ornate altar of the Wu Jian Council.
   832 | D:2      | 832 ||| FLEEEEING.
  1044 | D:2      | Reached XP level 4. HP: 28/28 MP: 4/4
  1229 | D:2      | Identified the ring of Dim Light {Fly rPois Str+3 Int+6}
  1267 | D:2      | 1267 ||| DROPPING +0 whip.
  1272 | D:2      | Noticed Terence
  1283 | D:2      | HP: 7/28 [Terence/+0 flail (6)]
  1285 | D:2      | Killed Terence
  1286 | D:2      | Reached skill level 4 in Axes
  1427 | D:2      | 1427 ||| DROPPING +0 mace.
  1487 | D:2      | 1487 ||| UPGRADING to +0 chain mail.
  1497 | D:2      | 1497 ||| DROPPING +0 scale mail.
  1498 | D:2      | 1498 ||| UPGRADING to amulet of regeneration.
  1503 | D:2      | 1503 ||| UPGRADING to +4 ring of protection.
  1504 | D:2      | 1504 ||| UPGRADING to ring of Dim Light {Fly rPois Str+3
                  | Int+6}.
  1505 | D:2      | 1505 ||| DROPPING ring of magical power.
  1506 | D:2      | 1506 ||| READING 2 scrolls of identify.
  1506 | D:2      | 1506 ||| IDENTIFYING fuming yellow potion
  1560 | D:3      | Noticed Robin
  1561 | D:3      | 1561 ||| Stepping ~*~*~tactically~*~*~ (hiding).
  1566 | D:3      | 1566 ||| Stepping ~*~*~tactically~*~*~ (stealth).
  1567 | D:3      | 1567 ||| Stepping ~*~*~tactically~*~*~ (hiding).
  1581 | D:3      | Reached XP level 5. HP: 26/32 MP: 5/5
  1595 | D:3      | Killed Robin
  1690 | D:3      | Reached skill level 5 in Axes
  2040 | D:3      | 2040 ||| UPGRADING to +0 helmet.
  2045 | D:3      | 2045 ||| READING scroll labelled LOOMAEFION.
  2046 | D:3      | 2046 ||| READING 2 scrolls of identify.
  2046 | D:3      | 2046 ||| IDENTIFYING ruby potion
  2099 | D:4      | Found Cecluisk's Armour Emporium.
  2104 | D:4      | 2104 ||| Stepping ~*~*~tactically~*~*~ (stealth).
  2109 | D:4      | 2109 ||| BUYING +0 pair of boots (63 gold).
  2109 | D:4      | Bought a +0 pair of boots for 63 gold pieces
  2109 | D:4      | 2109 ||| SHOPLISTING +0 scale mail of Snakes and Ladders
                  | {Str+7 Stlth+} (399 gold, have 69).
  2109 | D:4      | 2109 ||| SHOPLISTING +1 pair of boots of rampaging (231
                  | gold, have 69).
  2109 | D:4      | 2109 ||| SHOPLISTING +11 chain mail of Syvud {rC+} (1029
                  | gold, have 69).
  2149 | D:4      | 2149 ||| Stepping ~*~*~tactically~*~*~ (hiding).
  2274 | D:4      | Found a broken altar of Ashenzari.
  2497 | D:4      | Reached XP level 6. HP: 38/38 MP: 6/6
  2565 | D:4      | Identified the +8 rapier "Etext" {venom, rPois}
  2767 | D:4      | 2767 ||| UPGRADING to +0 cloak.
  2772 | D:4      | 2772 ||| UPGRADING to +0 pair of boots.
  2777 | D:4      | 2777 ||| READING scroll labelled CIOREVIPRIA.
  2778 | D:4      | 2778 ||| READING scroll labelled WUOREA IXYES.
  2794 | D:5      | Entered Level 5 of the Dungeon
  2794 | D:5      | Found Jijosmol's Magic Scroll Emporium.
  2800 | D:5      | 2800 ||| DRINKING 3 potions of curing.
  2800 | D:5      | 2800 ||| (to cure confusion)
  2822 | D:5      | 2822 ||| DRINKING 2 potions of curing.
  2822 | D:5      | 2822 ||| (to cure confusion)
  2833 | D:5      | 2833 ||| BUYING 2 scrolls of enchant armour (210 gold).
  2833 | D:5      | Bought 2 scrolls of enchant armour for 210 gold pieces
  2833 | D:5      | 2833 ||| SHOPLISTING scroll of enchant weapon (105 gold,
                  | have 1).
  2833 | D:5      | 2833 ||| SHOPLISTING scroll of identify (28 gold, have 1).
  2833 | D:5      | 2833 ||| READING 2 scrolls of enchant armour.
  2833 | D:5      | 2833 ||| ENCHANTING +0 helmet.
  2834 | D:5      | 2834 ||| READING scroll of enchant armour.
  2834 | D:5      | 2834 ||| ENCHANTING +1 helmet.
  2846 | D:5      | Noticed a black bear
  2850 | D:5      | 2850 ||| Stepping ~*~*~tactically~*~*~ (stealth).
  2853 | D:5      | Killed a black bear
  2854 | D:5      | Reached skill level 6 in Axes
  2857 | D:5      | 2857 ||| Stepping ~*~*~tactically~*~*~ (stealth).
  2923 | D:5      | 2923 ||| Stepping ~*~*~tactically~*~*~ (stealth).
  2941 | D:5      | Reached skill level 1 in Dodging
  2941 | D:5      | Reached XP level 7. HP: 43/43 MP: 7/7
  2942 | D:5      | 2942 ||| Stepping ~*~*~tactically~*~*~ (stealth).
  2985 | D:5      | Found a basalt altar of Yredelemnul.
  3017 | D:5      | Reached skill level 7 in Axes
  3098 | D:5      | Found a staircase to the Ecumenical Temple.
  3099 | D:5      | 3099 ||| PLANNING TEMPLE
  3099 | D:5      | 3099 ||| UPGRADING to +0 pair of gloves.
  3104 | D:5      | 3104 ||| UPGRADING to amulet of faith.
  3114 | D:5      | 3114 ||| DROPPING +6 ring of dexterity.
  3115 | D:5      | 3115 ||| READING scroll labelled TONAIC DOSH.
  3116 | D:5      | 3116 ||| DRINKING 2 red potions.
  3122 | Temple   | Entered the Ecumenical Temple
  3123 | Temple   | 3123 ||| PLANNING OKAWARU WORSHIP
  3199 | Temple   | Became a worshipper of Warmaster Okawaru
  3200 | Temple   | 3200 ||| PLANNING D:1-11
  3536 | D:6      | Reached XP level 8. HP: 48/48 MP: 8/8
  3538 | D:6      | 3538 ||| STAIRDANCE
  3582 | D:5      | 3582 ||| DROPPING +0 flail.
  3625 | D:6      | Reached skill level 1 in Throwing
  3701 | D:6      | Reached * piety under Okawaru
  3833 | D:6      | 3833 ||| Stepping ~*~*~tactically~*~*~ (hiding).
  3838 | D:6      | 3838 ||| INVOKING Heroism.
  3860 | D:6      | 3860 ||| INVOKING Heroism.
  4021 | D:6      | 4021 ||| Stepping ~*~*~tactically~*~*~ (hiding).
  4048 | D:6      | 4048 ||| Stepping ~*~*~tactically~*~*~ (stealth).
  4054 | D:6      | Reached skill level 8 in Axes
  4059 | D:6      | Reached skill level 1 in Invocations
  4060 | D:6      | 4060 ||| Stepping ~*~*~tactically~*~*~ (stealth).
  4062 | D:6      | 4062 ||| Stepping ~*~*~tactically~*~*~ (stealth).
  4072 | D:6      | 4072 ||| Stepping ~*~*~tactically~*~*~ (stealth).
  4201 | D:6      | Reached skill level 3 in Invocations
  4292 | D:6      | 4292 ||| READING scroll labelled HITODESMAFY.
  4293 | D:6      | 4293 ||| DRINKING 2 smoky grey potions.
  4317 | D:7      | 4317 ||| INVOKING Heroism.
  4322 | D:7      | Reached skill level 6 in Fighting
  4355 | D:7      | Reached XP level 9. HP: 50/55 MP: 11/11
  4356 | D:7      | 4356 ||| INVOKING Heroism.
  4587 | D:7      | Reached ** piety under Okawaru
  5021 | D:7      | 5021 ||| READING scroll labelled VIUPRU WUIHIVU.
  5022 | D:7      | 5022 ||| READING scroll labelled MIXOUC SICYPHO.
  5023 | D:7      | 5023 ||| READING 3 scrolls of identify.
  5023 | D:7      | 5023 ||| IDENTIFYING coppery potion
  5024 | D:7      | 5024 ||| READING 2 scrolls of identify.
  5024 | D:7      | 5024 ||| IDENTIFYING sedimented orange potion
  5025 | D:7      | 5025 ||| DROPPING potion of degeneration.
  5080 | D:8      | Noticed a two-headed ogre
  5081 | D:8      | 5081 ||| INVOKING Heroism.
  5087 | D:8      | Killed a two-headed ogre
  5087 | D:8      | Reached *** piety under Okawaru
  5088 | D:8      | Reached skill level 9 in Axes
  5302 | D:8      | 5302 ||| FLEEEEING.
  5303 | D:8      | 5303 ||| FLEEEEING.
  5304 | D:8      | 5304 ||| FLEEEEING.
  5305 | D:8      | 5305 ||| FLEEEEING.
  5319 | D:8      | 5319 ||| INVOKING Heroism.
  5680 | D:8      | Reached skill level 6 in Armour
  5680 | D:8      | Reached XP level 10. HP: 63/63 MP: 13/13
  5793 | D:8      | Found a shadowy altar of Dithmenos.
  5802 | D:8      | Found a radiant altar of Vehumet.
  5897 | D:8      | 5897 ||| READING scroll labelled TOZAUNL ZEUT.
  5970 | D:9      | 5970 ||| Stepping ~*~*~tactically~*~*~ (stealth).
  5972 | D:9      | 5972 ||| Stepping ~*~*~tactically~*~*~ (stealth).
  5973 | D:9      | 5973 ||| Stepping ~*~*~tactically~*~*~ (stealth).
  5983 | D:9      | 5983 ||| DRINKING 9 potions of curing.
  5983 | D:9      | 5983 ||| (to cure confusion)
  5989 | D:9      | 5989 ||| DRINKING 8 potions of curing.
  5989 | D:9      | 5989 ||| (to cure confusion)
  6373 | D:9      | 6373 ||| INVOKING Heroism.
  6496 | D:9      | Reached skill level 10 in Axes
  6602 | D:9      | Reached **** piety under Okawaru
  6721 | D:9      | 6721 ||| Stepping ~*~*~tactically~*~*~ (hiding).
  6727 | D:9      | 6727 ||| INVOKING Heroism.
  6733 | D:9      | 6733 ||| Stepping ~*~*~tactically~*~*~ (cloud).
  6740 | D:9      | 6740 ||| Stepping ~*~*~tactically~*~*~ (cloud).
  6814 | D:9      | 6814 ||| Stepping ~*~*~tactically~*~*~ (hiding).
  6816 | D:9      | 6816 ||| INVOKING Heroism.
  6911 | D:9      | 6911 ||| UPGRADING to +0 plate armour.
  6921 | D:9      | 6921 ||| DROPPING +0 chain mail.
  6950 | D:10     | Entered Level 10 of the Dungeon
  6963 | D:10     | Found a flagged portal.
  6964 | D:10     | 6964 ||| Stepping ~*~*~tactically~*~*~ (hiding).
  7027 | D:10     | 7027 ||| INVOKING Heroism.
  7148 | D:10     | 7148 ||| Stepping ~*~*~tactically~*~*~ (hiding).
  7169 | D:10     | Found a staircase to the Lair.
  7171 | D:10     | 7171 ||| INVOKING Heroism.
  7331 | D:10     | 7331 ||| SWAPPING to +4 war axe.
  7332 | D:10     | 7332 ||| DROPPING +0 heavy war axe.
  7551 | D:10     | 7551 ||| READING scroll of enchant armour.
  7551 | D:10     | 7551 ||| ENCHANTING +0 pair of gloves.
  7714 | D:10     | 7714 ||| PLANNING LAIR
  7750 | Lair:1   | Entered Level 1 of the Lair of Beasts
  7818 | Lair:1   | Reached skill level 6 in Invocations
  7820 | Lair:1   | 7820 ||| Stepping ~*~*~tactically~*~*~ (stealth).
  7822 | Lair:1   | 7822 ||| Stepping ~*~*~tactically~*~*~ (stealth).
  7823 | Lair:1   | 7823 ||| Stepping ~*~*~tactically~*~*~ (stealth).
  7824 | Lair:1   | 7824 ||| Stepping ~*~*~tactically~*~*~ (stealth).
  7838 | Lair:1   | 7838 ||| INVOKING Heroism.
  7933 | Lair:1   | Noticed a spriggan rider
  7933 | Lair:1   | Noticed a moth of wrath
  7934 | Lair:1   | Noticed qw's ghost (journeyman GrFi)
  7938 | Lair:1   | Found a transporter.
  7940 | Lair:1   | Found a transporter.
  7957 | Lair:1   | Found a bloodstained altar of Trog.
  7957 | Lair:1   | Noticed a spriggan rider
  7980 | Lair:1   | Noticed Urug
  7981 | Lair:1   | 7981 ||| Stepping ~*~*~tactically~*~*~ (hiding).
  7985 | Lair:1   | 7985 ||| INVOKING Heroism.
  7992 | Lair:1   | Slain by Urug

Levels and vault maps discovered:
D:1:      psy_arrival_basics, layout_rooms, minmay_tiny_reverse_x
D:2:      layout_basic, basic_altar, uniq_terence
D:3:      layout_rooms, saegor_snake_ambush, uniq_robin
D:4:      layout_loops_cross, amcnicky_altar_gilded, serial_shops, shop
D:5:      layout_basic, nicolae_yredelemnul_corpse_copse, temple_doors_cd,
          serial_shops, shop
D:6:      layout_cave_pools
D:7:      layout_basic, chequers_arboretum
D:8:      layout_loops_ring, mainiacjoe_overflow_swirl
D:9:      layout_loops_corners
D:10:     layout_long_grid, erik_lair_orcish_takeover, enter_bailey_5
Temple:   dpeg_three_leaves_temple
Lair:1:   layout_chaotic_city, gammafunk_ghost_wrathful_warriors,
          lemuel_fruit_fields, uniq_urug

Skill      XL: |  1  2  3  4  5  6  7  8  9 10 |
---------------+-------------------------------+-----
Axes           | 2 3 4 5 6 7 8 9 10 | 10.1
Fighting       | 4 6 7 8 |  8.0
Dodging        | 1 |  1.4
Armour         | 4 6 7 |  7.8
Throwing       | 1 |  1.2
Invocations    | 3 4 6 |  6.4
Shields        | 4 5 |  5.0

Action                     |  1- 3 |  4- 6 |  7- 9 | 10-12 || total
---------------------------+-------+-------+-------+-------++-------
  Melee: War axe           |   110 |   202 |   274 |   169 ||   755
  Throw: Boomerang         |       |    35 |    42 |     4 ||    81
 Invoke: Heroism           |       |       |     6 |     7 ||    13
    Use: Scroll            |     3 |     7 |     6 |     2 ||    18
         Potion            |       |     2 |     2 |     2 ||     6
 Armour: Scale mail        |    52 |    11 |       |       ||    63
         Chain mail        |       |   124 |   202 |    80 ||   406
         Plate armour      |       |       |       |    67 ||    67
  Dodge: Dodged            |    48 |    84 |   101 |    63 ||   296
  Block: Buckler           |    20 |    34 |    49 |    35 ||   138

Table legend:
 A = Non-vault XP
 B = Vault XP
 C = Vault XP percentage of total XP
 D = Non-vault monster count
 E = Vault monster count
 F = Vault count percentage of total count
                 A         B        C        D         E       F
            +---------+---------+-------+---------+---------+-------
      Total |    7696 |     979 |  11.3 |     216 |      35 |  13.9
            +---------+---------+-------+---------+---------+-------
        D:1 |      54 |       3 |   5.3 |      30 |       2 |   6.2
        D:2 |      48 |      36 |  42.9 |      12 |       1 |   7.7
        D:3 |      99 |      42 |  29.8 |      26 |      14 |  35.0
        D:4 |      81 |       0 |   0.0 |      15 |       0 |   0.0
        D:5 |     615 |     301 |  32.9 |      17 |       6 |  26.1
        D:6 |     925 |       0 |   0.0 |      27 |       0 |   0.0
        D:7 |     660 |       0 |   0.0 |      16 |       0 |   0.0
        D:8 |    1872 |       0 |   0.0 |      28 |       0 |   0.0
        D:9 |    2024 |       0 |   0.0 |      30 |       0 |   0.0
       D:10 |     713 |     597 |  45.6 |      10 |      12 |  54.5
     Lair:1 |     605 |       0 |   0.0 |       5 |       0 |   0.0
            +---------+---------+-------+---------+---------+-------
